AoeStats
← [KMNB] Bandeira

Coastal Forest

510295603Analyzed
2v2 RM · 1d ago on Sep 30, 2026· 25m 6s· 4 players
Game mode
Random Map
Map size
Medium (4 player)
Population
200
Speed
Normal
Resources
Standard
Victory
Conquest
Starting age
Dark Age
Ending age
Imperial Age
RankedLock teamsTeams togetherTeam positionsShared explorationLock speedFull tech treeHidden civsTurbo modeCheats
Victory
Defeat
🇧🇷 Magyars · Brazil
1555
+14
🇧🇷 Britons · Brazil
1488
+15
🇦🇺 Britons · Australia
1511
-15
🇦🇺 Danes · Australia
1483
-14
Kwisatz Haderach
6:34 Loom
11:39 Feudal Age
11:49 Man-at-Arms
12:23 Double-Bit Axe
23:09 Castle Age
21:49 Scale Mail Armor
21:59 Horse Collar
23:06 Fishing Lines
Timoisgr8
9:43 Feudal Age
10:29 Double-Bit Axe
11:54 Fletching
12:08 Loom
14:42 Horse Collar
15:32 Padded Archer Armor
18:53 Wheelbarrow
23:18 Castle Age
23:23 Crossbowman
24:53 Bodkin Arrow
[KMNB] Dedão
6:26 Loom
9:16 Feudal Age
10:23 Double-Bit Axe
13:40 Fletching
15:04 Horse Collar
17:16 Padded Archer Armor
22:25 Castle Age
21:50 Gold Mining
22:33 Crossbowman
24:27 Wheelbarrow
25:07 Ballistics
[KMNB] Bandeira
6:46 Loom
9:18 Feudal Age
10:59 Double-Bit Axe
18:11 Scale Barding Armor
23:02 Castle Age
22:26 Gold Mining
22:48 Bloodlines
23:09 Light Cavalry
24:19 Chain Barding Armor
Connection lost

Rejoining the realm…

Still unreachable

The connection could not be restored.

Session expired

The server has moved on; the page needs a fresh start.